 Dungeon Crawl Stone Soup version 0.18.1-48-g4cf74bf (webtiles) character file.

779 MovingMist the Skirmisher (level 7, -1/45 HPs)
             Began as a Gargoyle Fighter on Aug 19, 2016.
             Slain by Edmund
             ... wielding a +0 dire flail
              (6 damage)
             ... on level 5 of the Dungeon.
             The game lasted 00:14:08 (3499 turns).

MovingMist the Skirmisher (Gargoyle Fighter)        Turns: 3499, Time: 00:14:09

Health: -1/45      AC: 14    Str: 20    XL:     7   Next: 85%
Magic:  0/7        EV:  9    Int:  8    God:
Gold:   245        SH:  0    Dex: 11    Spells: 0 memorised, 6 levels left

rFire  . . .     SeeInvis .     a - +0 flail
rCold  . . .     Gourm    .     i - +0 chain mail
rNeg   + . .     Faith    .     (no shield)
rPois  ∞         Spirit   +     (helmet restricted)
rElec  +         Dismiss  .     (no cloak)
rCorr  .         Reflect  .     (no gloves)
SustAt .         Harm     .     (no boots)
MR     .....                    b - amulet of guardian spirit
Stlth  ..........               (no ring)
                                (no ring)

@: not resistant to hostile enchantments, extremely unstealthy
A: horns 1, talons 1, negative energy resistance 1, electricity resistance,
unbreathing, petrification resistance, rot immunity, AC +4
a: no special abilities


You were on level 5 of the Dungeon.
You were not hungry.

You visited 1 branch of the dungeon, and saw 5 of its levels.

You collected 245 gold pieces.

Inventory:

Hand Weapons
 a - a +0 flail (weapon)
Armour
 i - a +0 chain mail (worn)
Jewellery
 b - an amulet of guardian spirit (around neck)
 h - an uncursed ring of fire
 u - an uncursed amulet of dismissal {unknown}
Scrolls
 d - a scroll of identify
 e - 2 scrolls of teleportation
 m - a scroll of noise {unknown}
 o - a scroll of fog {unknown}
 p - 2 scrolls of blinking {unknown}
 q - a scroll of magic mapping {unknown}
 r - a scroll of remove curse
 x - a scroll of fear {unknown}
Potions
 g - a potion of curing
 j - 2 potions of haste {unknown}
 n - 2 potions of magic {unknown}
 s - a potion of berserk rage {unknown}
 t - a potion of ambrosia {unknown}
Books
 k - a book of Air

   Spells                             Type                      Level
   a - Shock                          Conjuration/Air              1
   b - Swiftness                      Charms/Air                   2
   c - Repel Missiles                 Charms/Air                   2
   d - Static Discharge               Conjuration/Air              3
   e - Lightning Bolt                 Conjuration/Air              5
Comestibles
 c - a royal jelly
 f - 4 bread rations
 l - 2 meat rations
 v - a chunk of flesh
 w - a slice of pizza


   Skills:
 + Level 5.7 Fighting
 + Level 4.4 Maces & Flails
 + Level 5.6 Armour
 + Level 3.2 Dodging
   Level 3.2 Shields


You had 6 spell levels left.
You didn't know any spells.

Dungeon Overview and Level Annotations

Branches:
Dungeon (5/15)
 Temple: D:4-7

Altars:
Fedhas
Okawaru
Zin

Annotations:
D:5 Edmund


Innate Abilities, Weirdness & Mutations

You are resistant to torment.
Your stone body is resilient (AC +4).
You are immune to poison.
You resist negative energy.
You are resistant to electric shocks.
You can survive without breathing.
You are immune to petrification.
You are immune to rotting.
You have a pair of small horns on your head.
You have sharp toenails.


Message History

* * * LOW HITPOINT WARNING * * *
The orc wizard gestures wildly while chanting.
The orc wizard blinks!
The orc wizard shouts!
You hear a shout!
You are too injured to fight recklessly!
You are too injured to fight recklessly!
You are too injured to fight recklessly!
You are too injured to fight recklessly!
You sock Edmund! Your kick misses Edmund.
Edmund is heavily wounded.
Edmund hits you but does no damage.
You hit Edmund. Your kick misses Edmund.
Edmund is severely wounded.
Edmund hits you but does no damage.
The orc wizard casts a spell.
The orc wizard blinks!
You barely miss Edmund.
Edmund is severely wounded.
Edmund hits you with a dire flail.
You die...

..................>.#
....................#
...............§....#
....................# ##
...............o.....#..
#####(.........o>.##.#.#
.............oo### (#.##
.......##...##@### ..####
.......##...##.@.####.....#
#.###.......####......#
##.# ###.##..# ###..###
##.# #...##..## #..#
##.###.####...## ##.##
##.#...# #.#..###..###
.....### #.##........#
...### #......##....#
#.###### ##...#..........


You could see Edmund, 2 orc priests, an orc wizard and an orc.

Vanquished Creatures
  Menkaure (D:5)
  An ogre (D:4)
  2 phantoms (D:5)
  2 scorpions
  An orc priest (D:5)
  A hound (D:4)
  An iguana (D:5)
  A worker ant (D:4)
  A worker ant zombie (D:5)
  Robin (D:3)
  3 adders
  An ooze (D:3)
  6 worms
  A dart slug (D:1)
  11 orcs
  6 bats
  3 giant cockroaches
  16 goblins
  15 hobgoblins
  8 jackals
  5 ball pythons
  4 giant newts
  9 kobolds
  6 rats
106 creatures vanquished.

Notes
Turn   | Place    | Note
--------------------------------------------------------------
     0 | D:1      | MovingMist the Gargoyle Fighter began the quest for the Orb.
     0 | D:1      | Reached XP level 1. HP: 14/14 MP: 1/1
   156 | D:1      | Reached XP level 2. HP: 15/19 MP: 2/2
   334 | D:1      | Gained mutation: You have sharp toenails. [potion of beneficial mutation]
   386 | D:1      | Reached XP level 3. HP: 19/24 MP: 3/3
   931 | D:2      | Reached skill level 1 in Dodging
  1029 | D:2      | Reached XP level 4. HP: 27/29 MP: 4/4
  1142 | D:2      | Found a blossoming altar of Fedhas.
  1594 | D:3      | Found a glowing silver altar of Zin.
  1775 | D:3      | Gained mutation: You have a pair of small horns on your head. [potion of beneficial mutation]
  1778 | D:3      | Noticed Robin
  1812 | D:3      | Reached XP level 5. HP: 27/33 MP: 5/5
  1817 | D:3      | Killed Robin
  2274 | D:4      | Found an iron altar of Okawaru.
  2575 | D:4      | Reached XP level 6. HP: 21/39 MP: 3/6
  2961 | D:4      | Reached skill level 5 in Fighting
  3201 | D:5      | Entered Level 5 of the Dungeon
  3248 | D:5      | Noticed a phantom
  3311 | D:5      | Reached skill level 5 in Armour
  3311 | D:5      | Reached XP level 7. HP: 34/44 MP: 7/7
  3338 | D:5      | Noticed Menkaure
  3441 | D:5      | Killed Menkaure
  3487 | D:5      | Noticed Edmund
  3499 | D:5      | Slain by Edmund

Skill      XL: |  1  2  3  4  5  6  7 |
---------------+----------------------+-----
Dodging        | 1 2 3 |  3.2
Fighting       | 4 5 |  5.7
Armour         | 4 5 |  5.6
Maces & Flails | 3 4 |  4.4
Shields        | |  3.2

Action                   |  1- 3 |  4- 6 |  7- 9 || total
-------------------------+-------+-------+-------++-------
Melee: Flail             |   158 |   222 |    49 ||   429
       Kick              |    19 |    60 |     9 ||    88
       Headbutt          |       |    20 |     9 ||    29
  Use: Scroll            |     3 |     3 |     1 ||     7
       Potion            |     1 |     3 |       ||     4
  Eat: Chunk             |     1 |     7 |     1 ||     9
Armor: Scale mail        |    47 |       |       ||    47
       Chain mail        |    75 |   134 |    51 ||   260
Dodge: Dodged            |    85 |   104 |    27 ||   216
